 Dungeon Crawl Stone Soup version 0.29.0-13-gc9e81de378 (webtiles) character file.

Game seed: 5891015360101037804

450 LucemDeus the Trooper (level 6, -8/49 HPs)
             Began as a Demonspawn Berserker on Sept 10, 2022.
             Was a Believer of Trog.
             Mangled by Duvessa
             ... wielding a +0 rapier
              (14 damage)
             ... on level 4 of the Dungeon.
             The game lasted 00:06:56 (3322 turns).

LucemDeus the Trooper (Demonspawn Berserker)        Turns: 3322, Time: 00:06:56

Health: -8/49      AC: 10    Str: 20    XL:     6   Next: 74%
Magic:  6/6        EV: 12    Int:  8    God:    Trog [**....]
Gold:   223        SH:  9    Dex: 14    Spells: 5/5 levels left

rFire   . . .      SeeInvis .   q - +1 hammer
rCold   . . .      Faith    .   (no shield)
rNeg    . . .      Spirit   .   d - +0 ring mail
rPois   .          Reflect  +   (no helmet)
rElec   .          Harm     .   p - +1 cloak {rCorr}
rCorr   +          Rampage  .   (no gloves)
Will    .....                   n - +1 pair of boots
Stlth   ++........              h - amulet of reflection
HPRegen 0.16/turn               (no ring)
MPRegen 0.10/turn               (no ring)

@: mighty, on berserk cooldown, slowed, very slow
A: claws 2, thin skeletal structure 1, condensation shield
a: Renounce Religion, Berserk, Trog's Hand


You were on level 4 of the Dungeon.
You worshipped Trog.
Trog was pleased with you.
You visited 1 branch of the dungeon, and saw 4 of its levels.

You collected 223 gold pieces.

Inventory:

Hand Weapons
 a - a +0 mace
 q - a +1 hammer (weapon)
Missiles
 s - 2 throwing nets
Armour
 b - a +0 animal skin
 c - a +0 chain mail
 d - a +0 ring mail (worn)
 n - a +1 pair of boots (worn)
 p - a +1 cloak of preservation (worn)
 u - a +1 robe of willpower
Jewellery
 h - an amulet of reflection (around neck)
Wands
 o - a wand of flame (14)
Scrolls
 l - a scroll of amnesia
 m - 2 scrolls of immolation
 t - 2 scrolls of identify
 v - a scroll of butterflies {unknown}
 w - a scroll of blinking {unknown}
Potions
 f - a potion of heal wounds {unknown}
 g - a potion of brilliance
 i - 2 potions of curing {unknown}
 j - a potion of attraction {unknown}
 k - 2 potions of berserk rage {unknown}
 r - a potion of resistance {unknown}


   Skills:
 + Level 4.6 Fighting
 + Level 4.2 Maces & Flails
 + Level 3.6 Armour
 + Level 3.5 Dodging


You had 5 spell levels left.
You didn't know any spells.
Your spell library was empty.

Dungeon Overview and Level Annotations

Branches:
Dungeon (4/15)
 Temple: D:4-7

Altars:
Trog

Shops:
D:1 :*

Annotations:
D:4 Duvessa


Innate Abilities, Weirdness & Mutations

You have very sharp fingernails.
You have a somewhat thin skeletal structure. (Dex +2, Stealth+)
A meltable shield of frost defends you. (SH +4)


Message History

You barely miss Duvessa. Duvessa barely misses you.
You sock Duvessa!
Duvessa is moderately wounded.
Duvessa hits you with a +0 rapier.
You barely miss Duvessa.
Duvessa is moderately wounded.
Duvessa barely misses you. Duvessa hits you with a +0 rapier!
You closely miss Duvessa.
Duvessa is moderately wounded.
You block Duvessa's attack.
You hit Duvessa but do no damage.
Duvessa is moderately wounded.
You block the adder's attack. Duvessa barely misses you.
You sock Duvessa!
Duvessa is heavily wounded.
You are no longer berserk.
You are exhausted.
You feel yourself slow down. The adder bites you but does no damage.
You block Duvessa's attack. You block the adder's attack.
You hit Duvessa.
Duvessa is severely wounded.
Duvessa hits you with a +0 rapier. Duvessa barely misses you.
The adder bites you. You block Duvessa's attack. The adder barely misses you.
You barely miss Duvessa.
Duvessa is severely wounded.
Duvessa hits you with a +0 rapier! The adder barely misses you.
Duvessa hits you with a +0 rapier. You block the adder's attack.
Duvessa hits you but does no damage.
You are too injured to fight recklessly!
You are too injured to fight recklessly!
You are too injured to fight recklessly!
You feel very mighty all of a sudden. Duvessa hits you with a +0 rapier!
* * * LOW HITPOINT WARNING * * *
You block the adder's attack. Duvessa closely misses you.
You block the adder's attack.
You sock Duvessa!
Duvessa is severely wounded.
Duvessa hits you with a +0 rapier!
You die...

#. ... #..... #. ##..
#.............. #.
#...............>... ##
##...##<................
#.......................
#......##...............
.[....S#.#..............
......e@.#.....##.......
..###...................
.###...#.##....†......
.......##..#...........
#.......###.#...........
#.......................
.......#..............#
................(.##.##
####................#.##


You could see Duvessa (berserk) and an adder.

Vanquished Creatures
  An ice beast (D:3)
  Dowan (D:4)
  A hound (D:4)
  Crazy Yiuf (D:2)
  An orc wizard (D:4)
  7 gnolls (D:4)
  5 adders
  An ufetubus (D:4)
  2 worms
  3 dart slugs
  12 orcs
  10 endoplasms
  A giant cockroach (D:2)
  3 goblins
  4 hobgoblins
  6 jackals (D:2)
  2 quokkas
  4 ball pythons
  6 bats
  6 frilled lizards
  5 kobolds
  10 rats
92 creatures vanquished.

Notes
Turn   | Place    | Note
-------+----------+-------------------------------------------
     0 | D:1      | LucemDeus the Demonspawn Berserker began the quest for the
                  | Orb.
     0 | D:1      | Reached XP level 1. HP: 18/18 MP: 1/1
   209 | D:1      | Found a faded altar of an unknown god.
   516 | D:1      | Gained mutation: You have sharp fingernails. [demonic
                  | ancestry]
   516 | D:1      | Reached XP level 2. HP: 24/24 MP: 2/2
   545 | D:1      | Found Xuzow's Assorted Antiques.
   889 | D:1      | Found Adaukaik's Book Shoppe.
  1307 | D:2      | Gained mutation: A meltable shield of frost defends you.
                  | (SH +4) [demonic ancestry]
  1307 | D:2      | Reached XP level 3. HP: 27/29 MP: 3/3
  1407 | D:2      | Reached ** piety under Trog
  1426 | D:2      | Identified the +9 dagger of the Big Bang {freeze, *Noise
                  | rN+ Will+ SInv}
  1566 | D:2      | Found a runed translucent door.
  1567 | D:2      | Noticed Crazy Yiuf
  1778 | D:2      | Killed Crazy Yiuf
  1779 | D:2      | Gained mutation: You have a somewhat thin skeletal
                  | structure. (Dex +2, Stealth+) [demonic ancestry]
  1779 | D:2      | Reached XP level 4. HP: 37/37 MP: 4/4
  2017 | D:3      | Identified the +1 robe "Vuosh" {rF- rCorr Str+4 Int+8}
  2027 | D:3      | Noticed an ice beast
  2040 | D:3      | Killed an ice beast
  2041 | D:3      | Reached XP level 5. HP: 42/42 MP: 5/5
  2718 | D:3      | Found a bloodstained altar of Trog.
  2779 | D:4      | Gained mutation: You have very sharp fingernails. [demonic
                  | ancestry]
  2779 | D:4      | Reached XP level 6. HP: 48/48 MP: 6/6
  3224 | D:4      | Noticed Dowan
  3237 | D:4      | Killed Dowan
  3309 | D:4      | Noticed Duvessa
  3322 | D:4      | Mangled by Duvessa

Illustrated notes

Levels and vault maps discovered:
D:1:      shiori_angband_town, layout_loops_ring,
          shapermc_ecumenical_altar_petra, serial_shops, shop, shop_statue,
          minmay_misc_feat_cross
D:2:      layout_rooms, uniq_crazy_yiuf_cottage
D:3:      layout_loops_ring, lightli_temple_of_fire
D:4:      layout_cave_pools, grunt_ministairs_3, kennysheep_generic_room_14,
          uniq_duvessa

Skill      XL: |  1  2  3  4  5  6 |
---------------+-------------------+-----
Armour         | 2 3 |  3.6
Dodging        | 2 3 |  3.5
Maces & Flails | 3 4 |  4.2
Fighting       | 4 |  4.6

Action                   |  1- 3 |  4- 6 || total
-------------------------+-------+-------++-------
Melee: Mace              |   103 |   173 ||   276
       Punch             |       |     4 ||     4
Invok: Berserk           |     5 |     6 ||    11
  Use: Scroll            |     1 |     7 ||     8
       Potion            |       |     1 ||     1
 Stab: Sleeping          |       |     5 ||     5
Armor: Ring mail         |    46 |    48 ||    94
Dodge: Dodged            |    63 |    84 ||   147
Block: Other             |    23 |    80 ||   103
       Reflection        |       |     4 ||     4
